A- EAST
DELMARVA SHOREBIRDS @ CAROLINA MUDCATS
05/19/2042
 
TOP OF THE 1ST
Delmarva Shorebirds batting - Pitching for Carolina Mudcats : LHP Ken Mullen
Pitching: LHP Ken Mullen
Batting: RHB Pepe Pueblo 0-0: Ball
1-0: Ground out 6-3 (Groundball, 6D, EV 76.9 MPH)
Batting: RHB Ron Lee 0-0: Foul Ball, location: 9LDF
0-1: TRIPLE (Line Drive, 78XD, EV 109.4 MPH)
Batting: RHB Jerry Elmore 0-0: Called Strike
0-1: Ball
1-1: Foul Ball, location: 2F
1-2: Ball
2-2: Fly out, F9 (Flyball, 89M, EV 89.4 MPH)
Runner from 3rd tags up, OUT at HOME! 9-2
Top of the 1st over - 0 runs, 1 hit, 0 errors, 0 left on base; Delmarva 0 - Carolina 0
BOTTOM OF THE 1ST
Carolina Mudcats batting - Pitching for Delmarva Shorebirds : LHP António Peña
Pitching: LHP António Peña
Batting: RHB Víctor Rodríguez 0-0: Ball
1-0: Called Strike
1-1: Ball
2-1: Ground out 5-3 (Groundball, 56S, EV 71.9 MPH)
Batting: RHB Steve Ervin 0-0: Called Strike
0-1: Ball
1-1: Ground out 5-3 (Groundball, 56S, EV 94.4 MPH)
Batting: LHB Pat Maloney 0-0: Ball
1-0: Ball
2-0: Ball
3-0: Called Strike
3-1: Foul Ball, location: 25F
3-2: Foul Ball, location: 9LDF
3-2: Foul Ball, location: 5SF
3-2: Strikes out swinging
Bottom of the 1st over - 0 runs, 0 hits, 0 errors, 0 left on base; Delmarva 0 - Carolina 0
TOP OF THE 2ND
Delmarva Shorebirds batting - Pitching for Carolina Mudcats : LHP Ken Mullen
Batting: LHB Tim Rogers 0-0: DOUBLE (Flyball, 8RXD, EV 106.9 MPH)
Batting: RHB Chris Jackson 0-0: Ball
1-0: Ground out 6-3 (Groundball, 6M, EV 81.9 MPH)
Batting: LHB Andy Coleman 0-0: Foul Ball, location: 5FF
0-1: Called Strike
0-2: Ball
1-2: Ball
2-2: Strikes out swinging
Batting: RHB Luis Ramos 0-0: Foul Ball, location: 25F
0-1: Foul Ball, location: 2F
0-2: Ball
1-2: Strikes out looking
Top of the 2nd over - 0 runs, 1 hit, 0 errors, 1 left on base; Delmarva 0 - Carolina 0
BOTTOM OF THE 2ND
Carolina Mudcats batting - Pitching for Delmarva Shorebirds : LHP António Peña
Batting: RHB Robby King 0-0: Called Strike
0-1: Called Strike
0-2: Strikes out swinging
Batting: RHB António Quintero 0-0: Called Strike
0-1: Foul Ball, location: 2F
0-2: SINGLE (Groundball, 6MD, EV 96.3 MPH)
Batting: RHB Jedd Clayton 0-0: Foul Ball, location: 23FF
0-1: SINGLE (Line Drive, 89S, EV 97.5 MPH)
António Quintero to second
Batting: RHB Liam Brown 0-0: Foul Ball, location: 5DF
0-1: Fly out, F9 (Flyball, 9S, EV 98.1 MPH)
Batting: RHB Dani Montoya 0-0: Fielders Choice at 2nd, 5-4 (Groundball, 56, EV 90.6 MPH)
Bottom of the 2nd over - 0 runs, 2 hits, 0 errors, 2 left on base; Delmarva 0 - Carolina 0
TOP OF THE 3RD
Delmarva Shorebirds batting - Pitching for Carolina Mudcats : LHP Ken Mullen
Batting: RHB Jorge Ramos 0-0: Swinging Strike
0-1: Ball
1-1: Foul Ball, location: 2F
1-2: Ball
2-2: Foul Ball, location: 2F
2-2: Foul Ball, location: 3FF
2-2: Reached on error, E5 (Groundball, 56, EV 84.4 MPH)
Batting: RHB Carol Vroom 0-0: Sac Bunt to P - play at first, batter OUT! 1-3
Jorge Ramos to second
Batting: RHB Pepe Pueblo 0-0: Ball
1-0: Called Strike
1-1: SINGLE (Line Drive, 9LS, EV 98.8 MPH)
Jorge Ramos to third
Batting: RHB Ron Lee 0-0: Ball
1-0: Ball
2-0: Ball
3-0: Called Strike
3-1: Fly out, F9 (Flyball, 9, EV 98.1 MPH)
Runner from 3rd tags up, SCORES, throw by RF
Batting: RHB Jerry Elmore 0-0: Called Strike
0-1: Foul Ball, location: 9LSF
0-2: Ball
1-2: Strikes out swinging
Top of the 3rd over - 1 run, 1 hit, 1 error, 1 left on base; Delmarva 1 - Carolina 0
BOTTOM OF THE 3RD
Carolina Mudcats batting - Pitching for Delmarva Shorebirds : LHP António Peña
Batting: RHB Mauro Martínez 0-0: Called Strike
0-1: Called Strike
0-2: Ball
1-2: Ball
2-2: Strikes out swinging
Batting: RHB Víctor Rodríguez 0-0: Ball
1-0: Ball
2-0: Ground out 5-3 (Groundball, 56S, EV 67.5 MPH)
Batting: RHB Steve Ervin 0-0: Ball
1-0: SINGLE (Groundball, 34D, EV 108.1 MPH)
Batting: LHB Pat Maloney 0-0: Ball
1-0: Foul Ball, location: 2LF
1-1: Fly out, F7 (Line Drive, 7S, EV 106.9 MPH)
Bottom of the 3rd over - 0 runs, 1 hit, 0 errors, 1 left on base; Delmarva 1 - Carolina 0
TOP OF THE 4TH
Delmarva Shorebirds batting - Pitching for Carolina Mudcats : LHP Ken Mullen
Batting: LHB Tim Rogers 0-0: Foul Ball, location: 2F
0-1: Swinging Strike
0-2: Strikes out swinging
Batting: RHB Chris Jackson 0-0: Ball
1-0: Called Strike
1-1: Called Strike
1-2: Ball
2-2: Foul Ball, location: 9LSF
2-2: Foul Ball, location: 2F
2-2: Ground out 5-3 (Groundball, 5L, EV 96.3 MPH)
Batting: LHB Andy Coleman 0-0: Ball
1-0: Ball
2-0: Called Strike
2-1: Called Strike
2-2: Foul Ball, location: 7LMF
2-2: Foul Ball, location: 7LSF
2-2: Strikes out swinging
Top of the 4th over - 0 runs, 0 hits, 0 errors, 0 left on base; Delmarva 1 - Carolina 0
BOTTOM OF THE 4TH
Carolina Mudcats batting - Pitching for Delmarva Shorebirds : LHP António Peña
Batting: RHB Robby King 0-0: Called Strike
0-1: Ball
1-1: Ball
2-1: Swinging Strike
2-2: Strikes out swinging
Batting: RHB António Quintero 0-0: Ball
1-0: Swinging Strike
1-1: Ball
2-1: Ground out 6-3 (Groundball, 6, EV 106.9 MPH)
Batting: RHB Jedd Clayton 0-0: Ball
1-0: DOUBLE (Groundball, 5L, EV 103.1 MPH)
Batting: RHB Liam Brown 0-0: Foul Ball, location: 2F
0-1: Ball
1-1: Swinging Strike
1-2: Ground out 6-3 (Groundball, 56, EV 101.3 MPH)
Bottom of the 4th over - 0 runs, 1 hit, 0 errors, 1 left on base; Delmarva 1 - Carolina 0
TOP OF THE 5TH
Delmarva Shorebirds batting - Pitching for Carolina Mudcats : LHP Ken Mullen
Batting: RHB Luis Ramos 0-0: Swinging Strike
0-1: Ball
1-1: Ground out 5-3 (Groundball, 56, EV 93.8 MPH)
Batting: RHB Jorge Ramos 0-0: Ball
1-0: Ball
2-0: Fly out, F9 (Flyball, 9, EV 94.4 MPH)
Batting: RHB Carol Vroom 0-0: Ball
1-0: Ball
2-0: Foul Ball, location: 23F
2-1: Foul Ball, location: 2F
2-2: Strikes out swinging
Top of the 5th over - 0 runs, 0 hits, 0 errors, 0 left on base; Delmarva 1 - Carolina 0
BOTTOM OF THE 5TH
Carolina Mudcats batting - Pitching for Delmarva Shorebirds : LHP António Peña
Batting: RHB Dani Montoya 0-0: Fly out, F6 (Popup, 15, EV 75.0 MPH)
Batting: RHB Mauro Martínez 0-0: Ball
1-0: Ground out 5-3 (Groundball, 56S, EV 65.6 MPH)
Batting: RHB Víctor Rodríguez 0-0: Ball
1-0: Called Strike
1-1: Called Strike
1-2: Strikes out looking
Bottom of the 5th over - 0 runs, 0 hits, 0 errors, 0 left on base; Delmarva 1 - Carolina 0
TOP OF THE 6TH
Delmarva Shorebirds batting - Pitching for Carolina Mudcats : LHP Ken Mullen
Batting: RHB Pepe Pueblo 0-0: Foul Ball, location: 2F
0-1: Foul Ball, location: 9LMF
0-2: Strikes out swinging
Batting: RHB Ron Lee 0-0: Ball
1-0: Ground out 6-3 (Groundball, 6, EV 85.6 MPH)
Batting: RHB Jerry Elmore 0-0: Ball
1-0: Called Strike
1-1: Foul Ball, location: 5SF
1-2: Ball
2-2: SINGLE (Line Drive, 4MD, EV 101.3 MPH)
Batting: LHB Tim Rogers 0-0: Called Strike
0-1: Ball
1-1: Ball
2-1: Ball
3-1: Fly out, F6 (Popup, 6D, EV 46.9 MPH)
Top of the 6th over - 0 runs, 1 hit, 0 errors, 1 left on base; Delmarva 1 - Carolina 0
BOTTOM OF THE 6TH
Carolina Mudcats batting - Pitching for Delmarva Shorebirds : LHP António Peña
Batting: RHB Steve Ervin 0-0: Ground out 6-3 (Groundball, 6, EV 80.0 MPH)
Batting: LHB Pat Maloney 0-0: Ball
1-0: Called Strike
1-1: Ball
2-1: Ground out 4-3 (Groundball, 4, EV 101.3 MPH)
Batting: RHB Robby King 0-0: Ball
1-0: Ball
2-0: Called Strike
2-1: Ball
3-1: Base on Balls
Batting: RHB António Quintero 0-0: Called Strike
0-1: Ball
1-1: Called Strike
1-2: Strikes out swinging
Bottom of the 6th over - 0 runs, 0 hits, 0 errors, 1 left on base; Delmarva 1 - Carolina 0
TOP OF THE 7TH
Delmarva Shorebirds batting - Pitching for Carolina Mudcats : LHP Ken Mullen
Batting: RHB Chris Jackson 0-0: Ball
1-0: Called Strike
1-1: Ball
2-1: Swinging Strike
2-2: Strikes out swinging
Pitching: RHP Arturo Caccini
Batting: LHB Andy Coleman 0-0: Foul Ball, location: 9LMF
0-1: Swinging Strike
0-2: Ball
1-2: Strikes out swinging
Batting: RHB Luis Ramos 0-0: Ball
1-0: Called Strike
1-1: Foul Ball, location: 5FF
1-2: Strikes out swinging
Top of the 7th over - 0 runs, 0 hits, 0 errors, 0 left on base; Delmarva 1 - Carolina 0
BOTTOM OF THE 7TH
Carolina Mudcats batting - Pitching for Delmarva Shorebirds : LHP António Peña
Batting: RHB Jedd Clayton 0-0: Ball
1-0: Ball
2-0: Ball
3-0: Called Strike
3-1: Foul Ball, location: 2F
3-2: Ground out 5-3 (Groundball, 56S, EV 61.9 MPH)
Batting: RHB Liam Brown 0-0: Fly out, F8 (Line Drive, 8LM, EV 91.3 MPH)
Batting: RHB Dani Montoya 0-0: Ball
1-0: Called Strike
1-1: Swinging Strike
1-2: Ball
2-2: Ground out 4-3 (Groundball, 4M, EV 105.6 MPH)
Bottom of the 7th over - 0 runs, 0 hits, 0 errors, 0 left on base; Delmarva 1 - Carolina 0
TOP OF THE 8TH
Delmarva Shorebirds batting - Pitching for Carolina Mudcats : RHP Arturo Caccini
Batting: RHB Jorge Ramos 0-0: Ball
1-0: Foul Ball, location: 2F
1-1: Ball
2-1: Swinging Strike
2-2: Foul Ball, location: 9LDF
2-2: Strikes out swinging, 2-3 out at first.
Batting: RHB Carol Vroom 0-0: Fly out, F6 (Popup, 6MD, EV 48.1 MPH)
Batting: RHB Pepe Pueblo 0-0: Called Strike
0-1: Ball
1-1: Swinging Strike
1-2: Strikes out swinging
Top of the 8th over - 0 runs, 0 hits, 0 errors, 0 left on base; Delmarva 1 - Carolina 0
BOTTOM OF THE 8TH
Carolina Mudcats batting - Pitching for Delmarva Shorebirds : LHP António Peña
Batting: RHB Mauro Martínez 0-0: Ball
1-0: Ball
2-0: Ball
3-0: Called Strike
3-1: Swinging Strike
3-2: Strikes out looking
Batting: RHB Víctor Rodríguez 0-0: Foul Ball, location: 2F
0-1: Ball
1-1: Ground out 5-3 (Groundball, 5L, EV 102.5 MPH)
Batting: RHB Steve Ervin 0-0: Called Strike
0-1: Ball
1-1: Swinging Strike
1-2: Ball
2-2: Strikes out swinging
Bottom of the 8th over - 0 runs, 0 hits, 0 errors, 0 left on base; Delmarva 1 - Carolina 0
TOP OF THE 9TH
Delmarva Shorebirds batting - Pitching for Carolina Mudcats : RHP Arturo Caccini
Batting: RHB Ron Lee 0-0: Ground out 6-3 (Groundball, 6, EV 83.8 MPH)
Batting: RHB Jerry Elmore 0-0: Foul Ball, location: 9LMF
0-1: Ball
1-1: Foul Ball, location: 3SF
1-2: Foul Ball, location: 2F
1-2: Ball
2-2: Foul Ball, location: 2F
2-2: Ball
3-2: Foul Ball, location: 5SF
3-2: Foul Ball, location: 9LSF
3-2: Foul Ball, location: 23F
3-2: Base on Balls
Batting: LHB Tim Rogers 0-0: Ball
1-0: Foul Ball, location: 2F
1-1: Fly out, F7 (Flyball, 78D, EV 98.8 MPH)
Batting: RHB Chris Jackson 0-0: SINGLE (Groundball, 34D, EV 104.4 MPH)
Jerry Elmore to second
Runner from 2nd tries for 3rd, SAFE, throw by RF made to third
Batting: LHB Andy Coleman 0-0: Ball
1-0: Foul Ball, location: 7LSF
1-1: Ball
2-1: Ball
3-1: Foul Ball, location: 23FF
3-2: Strikes out looking
Top of the 9th over - 0 runs, 1 hit, 0 errors, 2 left on base; Delmarva 1 - Carolina 0
BOTTOM OF THE 9TH
Carolina Mudcats batting - Pitching for Delmarva Shorebirds : LHP António Peña
Pitching: RHP Ángelo Blanco
Batting: LHB Pat Maloney 0-0: Called Strike
0-1: SINGLE (Groundball, 5D, EV 105.6 MPH)
Batting: RHB Robby King 0-0: Ball
1-0: Foul Ball, location: 5FF
1-1: SINGLE (Groundball, 6MD, EV 101.3 MPH)
Pat Maloney to second
Batting: RHB António Quintero 0-0: Ball
1-0: Ball
2-0: Ball
3-0: Called Strike
3-1: Base on Balls
Pat Maloney to third
Robby King to second
Pinch Hitting: LHB Len Gregory 0-0: Called Strike
0-1: Ball
1-1: Ball
2-1: Called Strike
2-2: Strikes out looking
Batting: RHB Liam Brown 0-0: Ball
1-0: Ball
Wild Pitch!
Pat Maloney scores
Robby King to third
António Quintero to second
2-0: Intentional Walk
Batting: RHB Dani Montoya 0-0: Called Strike
0-1: Called Strike
0-2: Ball
1-2: Ball
2-2: Foul Ball, location: 25F
2-2: Ball
3-2: Base on Balls
Robby King scores
António Quintero to third
Liam Brown to second
Bottom of the 9th over - 2 runs, 2 hits, 0 errors, 3 left on base; Delmarva 1 - Carolina 2
Friday, May 3rd , 2024 - OOTP Baseball 24.10 Build 82